 Dungeon Crawl Stone Soup version 0.30-a0-585-g93115170b9 (webtiles) character file.

Game seed: 15596322287048233723

244 Crownlay the Ducker (level 6, -2/41 (44) HPs)
             Began as a Gnoll Wanderer on Jan 1, 2023.
             Slain by Duvessa
             ... wielding a +4 short sword of venom
              (10 damage)
             ... on level 4 of the Dungeon.
             The game lasted 00:04:45 (2708 turns).

Crownlay the Ducker (Gnoll Wanderer)                Turns: 2708, Time: 00:04:45

HP:   -2/41 (44)    AC:  9    Str: 13    XL:     6   Next: 10%
MP:   8/8           EV: 16    Int: 11    God:
Gold: 242           SH:  0    Dex: 12    Spells: 8/8 levels left

rFire   . . .      SeeInvis .    a - +2 hand axe
rCold   . . .      Faith    .    (no shield)
rNeg    . . .      Spirit   .    k - +0 scale mail
rPois   .          Reflect  .    s - +0 helmet
rElec   .          Harm     .    (no cloak)
rCorr   .          Rampage  .    w - +0 pair of gloves
Will    .....                    o - +0 pair of boots Stlth
                                 n - amulet of regeneration
HPRegen 1.06/turn                l - ring of wizardry
MPRegen 0.11/turn                r - +5 ring of evasion

@: lethally poisoned (-2 -> -18), drained
A: fangs 1, strong nose, distributed training
a: no special abilities


You were on level 4 of the Dungeon.
You visited 1 branch of the dungeon, and saw 4 of its levels.

You collected 242 gold pieces.

Inventory:

Hand Weapons
 a - a +2 hand axe (weapon)
 u - a +4 dagger of draining
Missiles
 p - 6 boomerangs of dispersal
Armour
 k - a +0 scale mail (worn)
 o - a +0 pair of boots (worn)
 s - a +0 helmet (worn)
 w - a +0 pair of gloves (worn)
Jewellery
 l - a ring of wizardry (left hand)
 m - an amulet of the acrobat
 n - an amulet of regeneration (around neck)
 r - a +5 ring of evasion (right hand)
Wands
 c - a wand of flame (3) (quivered)
 t - a wand of polymorph (3)
Scrolls
 d - 3 scrolls of blinking
 q - 2 scrolls of fear
 v - a scroll of immolation {unknown}
Potions
 b - a potion of mutation {unknown}
 e - 2 potions of might
 f - 2 potions of heal wounds
 g - 2 potions of curing
 h - a potion of resistance {unknown}
 i - a potion of haste {unknown}
 j - 2 potions of berserk rage
 x - a potion of flight {unknown}


   Skills:
 + Level 1.9 Fighting
 + Level 1.9 Short Blades
 + Level 3.2 Long Blades
 + Level 6.8 Axes
 + Level 1.9 Maces & Flails
 + Level 1.9 Polearms
 + Level 1.9 Staves
 + Level 1.9 Ranged Weapons
 + Level 1.9 Throwing
 + Level 1.9 Armour
 + Level 6.8 Dodging
 + Level 1.9 Stealth
 + Level 1.9 Shields
 + Level 1.9 Unarmed Combat
 + Level 1.9 Spellcasting
 + Level 1.5 Conjurations
 + Level 1.5 Hexes
 + Level 1.5 Summonings
 + Level 1.5 Necromancy
 + Level 1.5 Translocations
 + Level 1.5 Transmutations
 + Level 1.5 Fire Magic
 + Level 1.5 Ice Magic
 + Level 1.5 Air Magic
 + Level 1.5 Earth Magic
 + Level 1.5 Poison Magic
 + Level 3.3 Invocations
 + Level 4.9 Evocations


You had 8 spell levels left.
You didn't know any spells.
Your spell library contained the following spells:

 Spells                   Type           Power      Damage    Failure   Level
 Magic Dart               Conj           16%        1d3       28%         1
 Call Imp                 Summ           4%         N/A       41%         2
 Mephitic Cloud           Conj/Pois/Air  4%         N/A       63%         3
 Conjure Ball Lightning   Conj/Air       2%         3x3d7     100%        6
 Discord                  Hex            2%         N/A       100%        8
 Disjunction              Tloc           2%         N/A       100%        8


Dungeon Overview and Level Annotations

Branches:
Dungeon (4/15)
 Temple: D:4-7

Altars:
Nemelex Xobeh
Qazlal
Wu Jian

Annotations:
D:4 Duvessa


Innate Abilities, Weirdness & Mutations

You have very sharp teeth.
Your uncanny sense of smell can sniff out nearby items.
Your experience applies equally to all skills.


Message History

Duvessa hits you with a +4 short sword of venom!!
Ouch! That really hurt!
You are too injured to fight recklessly!
You hit Duvessa but do no damage. You drain Duvessa.
Duvessa is moderately wounded.
Duvessa barely misses you.
You hit Duvessa. You drain Duvessa.
Duvessa is heavily wounded.
Duvessa barely misses you.
Duvessa hits you with a +4 short sword of venom.
You are poisoned.
a - a +2 hand axe (weapon)
You feel sick.
Duvessa hits you with a +4 short sword of venom.
You are lethally poisoned!
You feel better.
Duvessa hits you with a +4 short sword of venom!
* * * LOW HITPOINT WARNING * * *
You are lethally poisoned!
You feel much better.
You feel very sick. Duvessa closely misses you.
Duvessa hits you with a +4 short sword of venom.
You are more poisoned.
You hit Duvessa.
Duvessa is heavily wounded.
You feel very sick.
Duvessa hits you with a +4 short sword of venom.
You hit Duvessa. Your bite misses Duvessa.
Duvessa is heavily wounded.
You feel very sick.
Duvessa hits you with a +4 short sword of venom!
You are lethally poisoned!
Duvessa barely misses you.
You barely miss Duvessa.
Duvessa is heavily wounded.
* * * LOW HITPOINT WARNING * * *
You feel extremely sick.
Duvessa hits you with a +4 short sword of venom!
You die...

∆
#############
#........e...
##.###########
##...##
.##.##.....#
......^>..##
....####e## ∆
### #@# #[#
##'## ##...##
##.....##
##.......##
#.........#
.##
+.........+
...
#.........#
.##


You could see Duvessa (berserk, very drained).

Vanquished Creatures
  Dowan (D:4)
  Robin (D:3)
  3 gnolls (D:2)
  7 adders
  2 dart slugs (D:3)
  8 orcs
  4 ball pythons
  5 bats
  5 endoplasms
  3 giant cockroaches
  13 goblins
  5 hobgoblins
  8 jackals
  A quokka (D:3)
  A frilled lizard (D:2)
  5 kobolds
  5 rats
77 creatures vanquished.

Vanquished Creatures (others)
  A goblin (D:3)
1 creature vanquished.

Grand Total: 78 creatures vanquished

Notes
Turn   | Place    | Note
-------+----------+-------------------------------------------
     0 | D:1      | Crownlay the Gnoll Wanderer began the quest for the Orb.
     0 | D:1      | Crownlay set off with the following items: a +2 hand axe, a
                  | +0 falchion, a wand of flame (6), a scroll of blinking, a
                  | +0 leather armour.
     0 | D:1      | Reached XP level 1. HP: 13/13 MP: 2/2
   182 | D:1      | Reached XP level 2. HP: 15/19 MP: 3/3
   902 | D:2      | Reached XP level 3. HP: 25/25 MP: 4/4
  1073 | D:2      | Reached skill level 1 in Fighting
  1073 | D:2      | Reached skill level 1 in Short Blades
  1073 | D:2      | Reached skill level 1 in Maces & Flails
  1073 | D:2      | Reached skill level 1 in Polearms
  1073 | D:2      | Reached skill level 1 in Staves
  1073 | D:2      | Reached skill level 1 in Ranged Weapons
  1073 | D:2      | Reached skill level 1 in Throwing
  1073 | D:2      | Reached skill level 1 in Armour
  1073 | D:2      | Reached skill level 1 in Stealth
  1073 | D:2      | Reached skill level 1 in Shields
  1073 | D:2      | Reached skill level 1 in Unarmed Combat
  1073 | D:2      | Reached skill level 1 in Spellcasting
  1217 | D:2      | Reached XP level 4. HP: 30/32 MP: 6/6
  1228 | D:2      | Reached skill level 1 in Conjurations
  1228 | D:2      | Reached skill level 1 in Hexes
  1228 | D:2      | Reached skill level 1 in Summonings
  1228 | D:2      | Reached skill level 1 in Necromancy
  1228 | D:2      | Reached skill level 1 in Translocations
  1228 | D:2      | Reached skill level 1 in Transmutations
  1228 | D:2      | Reached skill level 1 in Fire Magic
  1228 | D:2      | Reached skill level 1 in Ice Magic
  1228 | D:2      | Reached skill level 1 in Air Magic
  1228 | D:2      | Reached skill level 1 in Earth Magic
  1228 | D:2      | Reached skill level 1 in Poison Magic
  1509 | D:3      | Found a stormy altar of Qazlal.
  1617 | D:3      | Noticed Robin
  1631 | D:3      | Killed Robin
  1638 | D:3      | Reached XP level 5. HP: 37/37 MP: 7/7
  2250 | D:4      | Found a sparkling altar of Nemelex Xobeh.
  2612 | D:4      | Found an ornate altar of the Wu Jian Council.
  2650 | D:4      | Noticed Dowan
  2691 | D:4      | Killed Dowan
  2692 | D:4      | Reached XP level 6. HP: 38/41 MP: 8/8
  2695 | D:4      | Noticed Duvessa
  2708 | D:4      | Slain by Duvessa

Illustrated notes

Levels and vault maps discovered:
D:1:      tarquinn_simple_flora_water_a, layout_loops_ring, item_on_display_a
D:2:      layout_loops_ring
D:3:      layout_loops_ring, amcnicky_altar_gilded, uniq_robin
D:4:      layout_loops_corners, nzn_wu_jian_contemplation,
          nemelex_xobeh_ov_fountains_minmay, makhleb_heckhound_becter,
          uniq_duvessa

Skill      XL: |  1  2  3  4  5 |
---------------+----------------+-----
Fighting       | 1 |  1.9
Short Blades   | 1 |  1.9
Maces & Flails | 1 |  1.9
Polearms       | 1 |  1.9
Staves         | 1 |  1.9
Ranged Weapons | 1 |  1.9
Throwing       | 1 |  1.9
Armour         | 1 |  1.9
Stealth        | 1 |  1.9
Shields        | 1 |  1.9
Unarmed Combat | 1 |  1.9
Spellcasting   | 1 |  1.9
Conjurations   | 1 |  1.5
Hexes          | 1 |  1.5
Summonings     | 1 |  1.5
Necromancy     | 1 |  1.5
Translocations | 1 |  1.5
Transmutations | 1 |  1.5
Fire Magic     | 1 |  1.5
Ice Magic      | 1 |  1.5
Air Magic      | 1 |  1.5
Earth Magic    | 1 |  1.5
Poison Magic   | 1 |  1.5
Invocations    | 3 |  3.3
Long Blades    | 3 |  3.2
Axes           | |  6.8
Dodging        | |  6.8
Evocations     | |  4.9

Action                   |  1- 3 |  4- 6 || total
-------------------------+-------+-------++-------
Melee: Hand axe          |    90 |   152 ||   242
       Bite              |     7 |     9 ||    16
       Punch             |       |     5 ||     5
       Unarmed           |       |     7 ||     7
       Dagger            |       |     3 ||     3
Evoke: Wand              |       |     3 ||     3
  Use: Scroll            |       |     6 ||     6
       Potion            |       |     2 ||     2
 Stab: Sleeping          |     1 |       ||     1
Armor: Leather armour    |     2 |       ||     2
       Scale mail        |    21 |    20 ||    41
Dodge: Dodged            |    53 |   117 ||   170

Table legend: (Time is in decaauts)
 A = Elapsed time spent in this place.
 B = Non-inter-level travel time spent in this place.
 C = Inter-level travel time spent in this place.
 D = Time resting spent in this place.
 E = Time spent auto-exploring this place.
 F = Levels seen in this place.
 G = Mean time per level.
                   A        B        C        D        E       F      G
               +--------+--------+--------+--------+--------+-----+--------+
         Total |   2693 |   2640 |     53 |      0 |   2086 |   4 |  673.2 |
       Dungeon |   2693 |   2640 |     53 |      0 |   2086 |   4 |  673.2 |
               +--------+--------+--------+--------+--------+-----+--------+

Top non-repeatable levels by time:
     D:2: 827 daAuts
     D:1: 676 daAuts
     D:3: 645 daAuts
     D:4: 544 daAuts
